 Dungeon Crawl Stone Soup version 0.22.1-2-g9c5b331 (webtiles) character file.

39137 nightchill the Unseen (level 13, 0/101 HPs)
             Began as a Vampire Enchanter on Dec 24, 2018.
             Was a High Priest of Kikubaaqudgha.
             Slain by a vampire mosquito (12 damage)
             ... on level 2 of the Lair of Beasts on Dec 27, 2018.
             The game lasted 03:40:10 (44416 turns).

nightchill the Unseen (Vampire Enchanter)          Turns: 44416, Time: 03:40:12

Health: 0/101      AC:  0    Str: 11    XL:     13   Next: 67%
Magic:  12/20      EV: 24    Int: 18    God:    Kikubaaqudgha [*****.]
Gold:   2060       SH:  0    Dex: 20    Spells: 6/22 levels left

rFire    . . .     SeeInvis +   (weapon currently unavailable)
rCold    . . .     Gourm    .   (shield currently unavailable)
rNeg     + . .     Faith    .   (armour currently unavailable)
rPois    .         Spirit   .   (helmet currently unavailable)
rElec    .         Reflect  .   (cloak currently unavailable)
rCorr    .         Harm     .   (gloves currently unavailable)
MR       +....                  (boots currently unavailable)
Stlth    +++++++++.             C - amulet of the acrobat
HPRegen  0.26/turn              (ring currently unavailable)
MPRegen  0.17/turn              (ring currently unavailable)

@: bat-form, flying, very quick
A: tiny, fangs 3, see invisible
a: End Transformation, Receive Corpses, Torment, Renounce Religion


You were on level 2 of the Lair of Beasts.
You worshipped Kikubaaqudgha.
Kikubaaqudgha was extremely pleased with you.
You were not thirsty.
You were in vampire-bat-form.
You visited 5 branches of the dungeon, and saw 22 of its levels.
You also visited: Ossuary.

You collected 2419 gold pieces.
You spent 359 gold pieces at shops.

Inventory:

Hand Weapons
 a - a +1 dagger of venom (melded)
 b - a +1 rapier of speed
 w - the +6 falchion of the Eleven Orbs {pain, rPois}
   (You found it on level 1 of the Lair of Beasts)

   In the hands of one skilled in necromantic magic, it inflicts extra damage on
   living creatures.
   It protects you from poison.
 L - a +0 blowgun
 Q - a +4 scimitar of flaming
 S - the +9 lajatang "Requqosk" {distort, +Rage}
   (You found it on level 13 of the Dungeon)

   It warps and distorts space around it.
   Unwielding it can cause banishment or high damage.
   It lets you go berserk.
Missiles
 u - 30 tomahawks (quivered)
 E - 162 arrows
 W - 4 needles of confusion
Armour
 d - a +0 buckler (melded)
 i - a +0 pair of boots (melded)
 j - a +0 ring mail of fire resistance
 v - a +2 cloak of poison resistance (melded)
 y - the +0 leather armour of Tomorrow (melded) {+Blink}
   (You found it on level 5 of the Dungeon)

   It lets you blink.
Jewellery
 s - a ring of protection from magic (melded)
 z - an uncursed ring of fire
 B - a ring of protection from cold (melded)
 C - an amulet of the acrobat (around neck)
 I - a +5 amulet of reflection
 M - an uncursed ring of protection from fire
 P - an uncursed ring of fire
 U - the ring "Pymnov" {Str+4 Stlth-, unknown}
   (You found it on level 13 of the Dungeon)

   [ring of attention]

   It affects your strength (+4).
   It makes you less stealthy.
Wands
 r - a wand of scattershot (9)
 K - a wand of flame (11)
 N - a wand of random effects (36)
 O - a wand of iceblast (7)
 V - a wand of digging (13)
Scrolls
 e - 4 scrolls of enchant armour
 f - a scroll of amnesia
 p - 7 scrolls of teleportation
 A - a scroll of vulnerability
 D - 6 scrolls of remove curse
 F - 2 scrolls of immolation
 J - a scroll of fear
 T - 2 scrolls of magic mapping
Potions
 c - a potion of magic {unknown}
 g - a potion of berserk rage
 h - 8 potions of curing
 k - 2 potions of ambrosia
 l - 2 potions of mutation {unknown}
 m - a potion of agility
 n - a potion of might
 o - 3 potions of brilliance
 t - a potion of lignification
 x - 3 potions of haste
 G - a potion of resistance {unknown}
 H - a potion of invisibility
 R - a potion of cancellation


   Skills:
 + Level 9.3 Fighting
 - Level 10.0 Short Blades
 + Level 4.8 Dodging
 + Level 16.5 Stealth
 - Level 4.0 Shields
 - Level 5.0 Spellcasting
 - Level 13.3 Hexes
 * Level 10.5 Necromancy
   Level 6.3 Transmutations


You had 6 spell levels left.
You knew the following spells:

 Your Spells              Type           Power        Failure   Level  Hunger
a - Corona                Hex            ######.      1%          1    None
b - Ensorcelled Hibernat  Hex/Ice        ####..       1%          2    #......
c - Confuse               Hex            ######..     1%          3    ##.....
d - Animate Dead          Necr           N/A          1%          4    ####...
e - Vampiric Draining     Necr           #####.....   1%          3    ##.....
f - Dazzling Spray        Conj/Hex       ####..       2%          3    ##.....

Your spell library contained the following spells:

 Spells                   Type           Power        Failure   Level  Hunger
 Animate Skeleton         Necr           N/A          1%          1    None
 Beastly Appendage        Tmut           ####..       1%          1    None
 Confusing Touch          Hex            ######       1%          1    None
 Pain                     Necr           ####         1%          1    None
 Corpse Rot               Necr           N/A          1%          2    #......
 Sticks to Snakes         Tmut           ####....     1%          2    #......
 Sublimation of Blood     Necr           #####.....   1%          2    #......
 Tukima's Dance           Hex            ######..     1%          3    ##.....
 Dispel Undead            Necr           #####...     4%          5    ######.
 Passwall                 Tmut/Erth      ###.....     5%          2    #......
 Yara's Violent Unravell  Hex/Tmut       #####.....   6%          5    ######.
 Fulminant Prism          Conj/Hex       ####......   9%          4    ####...
 Spider Form              Tmut/Pois      ###.......   11%         3    ##.....
 Apportation              Tloc           #.....       13%         1    None
 Freeze                   Ice            #...         13%         1    None
 Magic Dart               Conj           #...         13%         1    None
 Sandblast                Erth           #.....       13%         1    None
 Summon Butterflies       Summ           #.......     13%         1    None
 Summon Small Mammal      Summ           #...         13%         1    None
 Searing Ray              Conj           #.....       21%         2    #......
 Throw Frost              Conj/Ice       #.....       21%         2    #......
 Metabolic Englaciation   Hex/Ice        ####......   24%         5    ######.
 Summon Mana Viper        Hex/Summ       ####....     24%         5    ######.
 Blade Hands              Tmut           ####......   26%         5    ######.
 Death Channel            Necr           #####.....   26%         6    #######
 Ice Form                 Ice/Tmut       ###.....     34%         4    ####...
 Petrify                  Tmut/Erth      ###.....     34%         4    ####...
 Call Canine Familiar     Summ           #.......     36%         3    ##.....
 Gell's Gravitas          Tloc           #.........   36%         3    ##.....
 Ozocubu's Armour         Chrm/Ice       #.......     36%         3    ##.....
 Stone Arrow              Conj/Erth      #.....       36%         3    ##.....
 Borgnjor's Vile Clutch   Necr/Erth      ###.......   38%         5    ######.
 Force Lance              Conj/Tloc      #.......     78%         4    ####...
 Iskenderun's Mystic Bla  Conj           #.......     78%         4    ####...
 Summon Ice Beast         Ice/Summ       #.......     78%         4    ####...
 Throw Icicle             Conj/Ice       #.......     78%         4    ####...
 Simulacrum               Ice/Necr       ###.......   93%         6    #######
 Lee's Rapid Deconstruct  Erth           #.........   98%         5    ######.
 Summon Hydra             Summ           #.........   100%        7    #######


Dungeon Overview and Level Annotations

Branches:
Dungeon (13/15)            Temple (1/1) D:5            Lair (5/6) D:11
  Swamp (1/4) Lair:2        Snake (0/4) Lair:4          Orc (2/2) D:12
    Elf (0/3) Orc:2
  Slime: Lair:5-6    Vaults: D:13-14

Altars:
Cheibriados
Dithmenos
Elyvilon
Fedhas
Kikubaaqudgha
Makhleb
Okawaru
Sif Muna
Trog
Uskayaw
Vehumet
Wu Jian
Yredelemnul
The Shining One

Shops:
D:4 [   D:6 [   D:7 ::%   D:10 *   D:12 :   Orc:2 *:([

Portals:
Trove: D:13 (give 8 potions of agility)

Annotations:
D:2 Sigmund
D:3 1 runed door, exclusion: door
D:4 exclusion: downstairs
D:5 exclusion: downstairs
D:6 Edmund, Menkaure
D:10 3 runed doors, edgar's ghost, novice OpSu
D:11 2 transporters, exclusion: 2 downstairs, RoboWizard's ghost, journeyman MiFi
D:12 1 exclusion
Lair:1 exclusion: downstairs
Lair:2 exclusion: oklob plant
Lair:5 exclusion: lava snake
Swamp:1 !danger
Orc:1 1 runed door, Frank's ghost, journeyman OpFi
Orc:2 exclusion: upstairs


Innate Abilities, Weirdness & Mutations

You have razor-sharp teeth.
You have supernaturally acute eyesight. (SInv)
((You can survive without breathing.))


Message History

* * * LOW HITPOINT WARNING * * *
Your bullfrog zombie closely misses the vampire mosquito.
Casting: Animate Dead (safe; 2% risk of failure)
Confirm with . or Enter, or press ? or * to list all spells.
Aiming: Vampiric Draining (safe; 1% risk of failure)
Press: ? - help, Shift-Dir - straight line, f - vampire mosquito
Aim: a vampire mosquito (moderately damaged)
You can't drain life from that!
You turn into a vampire bat.
Your +1 dagger of venom melds into your body.
Your +2 cloak of poison resistance melds into your body.
Your +0 pair of boots melds into your body.
Your +0 buckler melds into your body.
The +0 leather armour of Tomorrow {+Blink} melds into your body.
Your ring of protection from cold melds into your body.
Your ring of protection from magic melds into your body.
Your +1 dagger of venom stops dripping with poison.
You no longer feel resistant to poison.
The vampire mosquito bites you!
You die...
Kikubaaqudgha rasps: "You have failed me!
Welcome... oblivion!"

#....§§§§§§..##### #......
##....§§§#§...##P.###
###.(..
##..#####§##.#.......##
#.... ##....#
#####..........## #P...
#..######.........#..#..##
##.... ..###
##.........#####...###..###
.##.###..#######..#
##...#...# # ..#.##..##
#P..# ##....### ...#....#
##b## ###...## ....#####
#Zy.# #......## ..### #Z.##
#.....#.# ## #.#
#...####......####. .##
##....#....#....##.. ..#
#...##..P#.#.#..%.##
..######
#..###..P######..##
.......##
#...#....##.######
........# ##...#.#........#


You could see a vampire mosquito, a friendly porcupine zombie and a friendly
bullfrog zombie.

Vanquished Creatures
  A stone giant (Orc:1)
  Josephine (Lair:2)
  3 ettins
  3 hydras
  Erica (Lair:2)
  2 two-headed ogres
  Nergalle (D:12)
  An unseen horror (D:9)
  8 cyclopes
  A black mamba (Lair:2)
  Maurice (D:13)
  Joseph (D:8)
  6 spiny frogs
  3 rime drakes
  8 komodo dragons
  5 trolls
  A polar bear (Lair:2)
  Prince Ribbit (D:8)
  2 hornets
  A hippogriff (Lair:2)
  5 dream sheep (Lair:4)
  4 blink frogs (Lair:3)
  A centaur simulacrum (D:13)
  2 shadows
  4 wraiths
  26 yaks
  A wyvern (D:13)
  A basilisk (Lair:3)
  Eustachio (D:6)
  A hungry ghost (D:11)
  2 swamp worms (Swamp:1)
  2 vampire mosquitoes (D:13)
  A soldier ant (D:12)
  3 nagas (Lair:4)
  11 water moccasins
  8 porcupines
  A swamp drake (Lair:2)
  An ice beast (D:7)
  11 orc warriors
  A hornet zombie (D:13)
  A phantom (D:8)
  A black bear (D:7)
  14 ogres
  5 sky beasts
  5 boggarts (D:12)
  2 necrophages (D:7)
  3 wolves (Lair:1)
  5 centaurs
  8 crocodiles
  2 big kobolds
  9 bullfrogs
  A wyvern zombie (D:12)
  3 wyvern skeletons
  A water moccasin zombie (D:8)
  3 scorpions
  16 killer bees
  3 wights
  3 howler monkeys (D:8)
  An electric eel (Lair:5)
  A crimson imp (D:8)
  A quasit (D:9)
  A gnoll shaman (D:8)
  4 centaur zombies
  3 hounds
  6 jellies
  14 orc wizards
  A bullfrog skeleton (D:10)
  15 orc priests
  5 centaur skeletons
  2 iguanas
  Natasha (thrice) (D:2 D:4)
  9 worker ants
  A hound zombie (D:6)
  2 hound skeletons
  2 worker ant zombies
  9 gnolls
  13 adders
  3 shadow imps
  An ooze (D:4)
  An adder skeleton (D:4)
  4 worms
  A dart slug (D:1)
  2 leopard geckos (D:3)
  55 orcs
  3 ball pythons
  5 giant cockroaches
  10 goblins
  4 hobgoblins
  9 jackals
  6 quokkas
  11 bats
  5 frilled lizards
  A giant cockroach zombie (D:5)
  7 kobolds
  2 leopard gecko skeletons
  2 quokka skeletons
  A quokka zombie (D:4)
  10 rats
  A rat zombie (D:4)
460 creatures vanquished.

Vanquished Creatures (collateral kills)
  A yak (Lair:5)
1 creature vanquished.

Vanquished Creatures (others)
  8 bushes (Lair:2)
  32 fungi
  13 plants
53 creatures vanquished.

Grand Total: 514 creatures vanquished

Notes
Turn   | Place    | Note
-------+----------+-------------------------------------------
     0 | D:1      | nightchill the Vampire Enchanter began the quest for the
                  | Orb.
     0 | D:1      | Reached XP level 1. HP: 13/13 MP: 3/3
   574 | D:1      | Reached XP level 2. HP: 12/19 MP: 3/5
   899 | D:1      | Learned a level 2 spell: Ensorcelled Hibernation
  1428 | D:1      | Reached skill level 5 in Stealth
  1704 | D:1      | Reached skill level 5 in Hexes
  2045 | D:2      | Reached XP level 3. HP: 24/24 MP: 6/6
  2276 | D:2      | Learned a level 3 spell: Confuse
  2292 | D:2      | Noticed Natasha
  2300 | D:2      | Killed Natasha
  2300 | D:2      | Reached XP level 4. HP: 19/30 MP: 0/7
  3253 | D:2      | Reached skill level 6 in Stealth
  3514 | D:2      | Noticed Sigmund
  4195 | D:3      | Reached XP level 5. HP: 16/35 MP: 0/8
  4425 | D:3      | Found a faded altar of an unknown god.
  4524 | D:3      | Found a runed door.
  5593 | D:4      | Found a hide-covered altar of Uskayaw.
  5599 | D:4      | Found a radiant altar of Vehumet.
  5641 | D:4      | Noticed Natasha
  5678 | D:4      | Reached skill level 7 in Stealth
  5704 | D:4      | Found a sand-covered staircase.
  5705 | D:4      | Killed Natasha
  5725 | Ossuary  | Entered an ossuary
  6055 | D:4      | Reached XP level 6. HP: 41/41 MP: 0/9
  6191 | D:4      | Found Haniec's Antique Armour Shop.
  6201 | D:4      | Noticed Natasha
  6233 | D:4      | Killed Natasha
  6777 | D:5      | Entered Level 5 of the Dungeon
  6784 | D:5      | Found a staircase to the Ecumenical Temple.
  6795 | Temple   | Entered the Ecumenical Temple
  6803 | Temple   | Became a worshipper of Kikubaaqudgha
  7238 | D:5      | Found an ornate altar of the Wu Jian Council.
  7764 | D:5      | Got a transparent leather armour
  7765 | D:5      | Identified the cursed +0 leather armour of Tomorrow
                  | {+Blink} (You found it on level 5 of the Dungeon)
  7884 | D:6      | Noticed Edmund
  8016 | D:6      | Noticed a sky beast
  8037 | D:6      | Killed a sky beast
  8037 | D:6      | Reached XP level 7. HP: 46/46 MP: 6/10
  8485 | D:6      | Learned a level 3 spell: Tukima's Dance
  8518 | D:6      | Reached skill level 8 in Stealth
  8535 | D:6      | Noticed Menkaure
  8830 | D:6      | Noticed Eustachio
  9622 | D:6      | Killed Eustachio
 10706 | D:6      | Found Natsuept's Antique Armour Emporium.
 11516 | D:7      | Found Pumeirom's Food Boutique.
 11651 | D:7      | Found Buehukk's Book Boutique.
 11928 | D:7      | Reached skill level 1 in Fighting
 11938 | D:7      | Reached skill level 5 in Short Blades
 12012 | D:7      | Reached XP level 8. HP: 30/54 MP: 11/11
 12269 | D:7      | Reached skill level 9 in Stealth
 13180 | D:7      | Found Acox's Book Shoppe.
 13346 | D:7      | Bought a book of Misfortune for 260 gold pieces
 13349 | D:7      | Learned a level 2 spell: Sticks to Snakes
 13371 | D:7      | Reached skill level 10 in Stealth
 13720 | D:8      | Noticed a two-headed ogre
 13729 | D:8      | Killed a two-headed ogre
 13729 | D:8      | Reached XP level 9. HP: 64/64 MP: 6/12
 14277 | D:8      | Reached skill level 10 in Hexes
 14718 | D:8      | Noticed Prince Ribbit
 14728 | D:8      | Killed Prince Ribbit
 14728 | D:8      | Reached skill level 11 in Stealth
 15347 | D:8      | Reached * piety under Kikubaaqudgha
 15347 | D:8      | Identified Kikubaaqudgha's Collected Works on Darkness
                  | (Kikubaaqudgha gifted it to you on level 8 of the Dungeon)
 15347 | D:8      | Received a gift from Kikubaaqudgha
 15374 | D:8      | Noticed Joseph
 15387 | D:8      | Killed Joseph
 15508 | D:8      | Reached XP level 10. HP: 67/69 MP: 8/13
 15606 | D:8      | Found a glowing golden altar of the Shining One.
 16062 | D:9      | Learned a level 5 spell: Yara's Violent Unravelling
 16356 | D:9      | Reached skill level 5 in Fighting
 16930 | D:9      | Noticed an unseen horror
 16933 | D:9      | Killed an unseen horror
 16933 | D:9      | Reached skill level 12 in Stealth
 17120 | D:10     | Entered Level 10 of the Dungeon
 17174 | D:10     | Reached skill level 5 in Transmutations
 17829 | D:10     | Found Rujovan's Assorted Antiques.
 18050 | D:10     | Found a runed gate.
 18052 | D:10     | Found a runed gate.
 18053 | D:10     | Found a runed gate.
 18055 | D:10     | Noticed edgar's ghost (novice OpSu)
 18711 | D:8      | Reached ** piety under Kikubaaqudgha
 20287 | D:11     | You fall through a shaft!
 20399 | D:11     | Found a transporter.
 20400 | D:11     | Noticed a two-headed ogre
 20405 | D:11     | Noticed RoboWizard's ghost (journeyman MiFi)
 20408 | D:11     | Found a transporter.
 20410 | D:11     | Noticed a two-headed ogre
 20788 | D:11     | Reached skill level 13 in Stealth
 20788 | D:11     | Reached XP level 11. HP: 60/77 MP: 11/14
 21784 | D:11     | Reached *** piety under Kikubaaqudgha
 21784 | D:11     | Identified Kikubaaqudgha's Almanac of Darkness
                  | (Kikubaaqudgha gifted it to you on level 11 of the Dungeon)
 21784 | D:11     | Received a gift from Kikubaaqudgha
 21793 | D:11     | Learned a level 3 spell: Vampiric Draining
 21847 | D:11     | Found a staircase to the Lair.
 22143 | Lair:1   | Entered Level 1 of the Lair of Beasts
 22211 | Lair:1   | Reached skill level 1 in Necromancy
 22704 | Lair:1   | Got a smoking falchion
 22705 | Lair:1   | Identified the +6 falchion of the Eleven Orbs {pain, rPois}
                  | (You found it on level 1 of the Lair of Beasts)
 22831 | Lair:1   | Noticed a six-headed hydra
 23180 | Lair:1   | Killed a six-headed hydra
 24499 | Lair:2   | Found a white marble altar of Elyvilon.
 24508 | Lair:2   | You are sucked into a shaft for 2 floors!
 24649 | Lair:4   | Noticed a seven-headed hydra
 24656 | Lair:4   | Killed a seven-headed hydra
 25465 | Lair:3   | Reached skill level 14 in Stealth
 25749 | Lair:2   | Found a staircase to the Swamp.
 26099 | Lair:2   | Reached skill level 10 in Short Blades
 26142 | Lair:2   | Noticed an oklob plant
 26142 | Lair:2   | Noticed Erica
 27177 | Lair:2   | Killed Erica
 27177 | Lair:2   | Reached XP level 12. HP: 87/87 MP: 9/15
 27466 | Lair:3   | Got a smelly leather armour
 28205 | Lair:3   | Reached skill level 5 in Necromancy
 28664 | Lair:4   | Found a staircase to the Snake Pit.
 28798 | Lair:4   | Learned a level 4 spell: Animate Dead
 30166 | Lair:3   | Identified the +3 leather armour "Zimojihe" {*Drain rPois
                  | MR+ MP+9 Int+4} (You found it on level 3 of the Lair of
                  | Beasts)
 30588 | Lair:4   | Reached **** piety under Kikubaaqudgha
 30976 | Lair:5   | Reached skill level 15 in Stealth
 31418 | Lair:5   | Identified a scroll of acquirement
 31446 | Lair:5   | Noticed a five-headed hydra
 31471 | Lair:5   | Killed a five-headed hydra
 31471 | Lair:5   | Reached skill level 1 in Shields
 33146 | D:12     | Noticed Nergalle
 33446 | D:12     | Noticed a two-headed ogre
 33563 | D:12     | Killed Nergalle
 33729 | D:12     | Found Mad Gasa's Book Shop.
 33955 | D:12     | Noticed a two-headed ogre
 33959 | D:12     | Killed a two-headed ogre
 34080 | D:12     | Reached XP level 13. HP: 95/95 MP: 16/20
 34573 | D:12     | Found a staircase to the Orcish Mines.
 34878 | D:13     | Reached ***** piety under Kikubaaqudgha
 34935 | D:13     | Got a scorched lajatang
 34966 | D:13     | Noticed Maurice
 35061 | D:13     | Got a clouded bone ring
 35433 | D:13     | Found a portal to a secret trove of treasure.
 35578 | D:13     | Killed Maurice
 35615 | D:12     | HP: 3/95 [enchanted long sword (18)]
 36932 | Orc:1    | Entered Level 1 of the Orcish Mines
 37201 | Orc:1    | Found a burning altar of Makhleb.
 37590 | Orc:1    | Found a runed door.
 37593 | Orc:1    | Noticed Frank's ghost (journeyman OpFi)
 37787 | Orc:1    | Learned a level 3 spell: Dazzling Spray
 38223 | Orc:2    | Entered Level 2 of the Orcish Mines
 38223 | Orc:2    | Found Maneasestru's Antique Armour Shoppe.
 38223 | Orc:2    | Found a staircase to the Elven Halls.
 38223 | Orc:2    | Noticed an ettin
 38255 | Orc:1    | Killed an ettin
 38255 | Orc:1    | Reached skill level 5 in Spellcasting
 39442 | Orc:2    | Reached skill level 16 in Stealth
 39444 | Orc:2    | Noticed an ettin
 39916 | Orc:2    | Killed an ettin
 40169 | Orc:2    | Found Hikas's Antique Weapon Shop.
 40179 | Orc:2    | Bought a blowgun for 67 gold pieces
 40264 | Orc:2    | Found Xecriyt's Book Shoppe.
 40265 | Orc:2    | Noticed a stone giant
 40456 | Orc:1    | Killed a stone giant
 40972 | Orc:2    | Noticed an ettin
 40976 | Orc:2    | Found Eczottaw's General Store.
 41036 | Orc:2    | Killed an ettin
 41036 | Orc:2    | Reached skill level 10 in Necromancy
 41502 | Orc:2    | Bought a scroll of identify for 32 gold pieces
 41502 | Orc:2    | Identified the +9 lajatang "Requqosk" {distort, +Rage} (You
                  | found it on level 13 of the Dungeon)
 42149 | Swamp:1  | Entered Level 1 of the Swamp
 42149 | Swamp:1  | Noticed Josephine
 42167 | Lair:2   | Killed Josephine
 43188 | Swamp:1  | Noticed a tentacled monstrosity
 44416 | Lair:2   | Slain by a vampire mosquito

Skill      XL: |  1  2  3  4  5  6  7  8  9 10 11 12 13 |
---------------+----------------------------------------+-----
Stealth        | 5 6 7 8 10 11 13 14 15 16 | 16.5
Hexes          | 5 6 7 8 9 10 12 13 | 13.3
Short Blades   | 2 4 5 6 7 8 10 | 10.0
Dodging        | 3 4 |  4.8
Fighting       | 1 3 4 6 7 8 9 |  9.3
Transmutations | 2 4 6 |  6.3
Necromancy     | 4 8 10 | 10.5
Spellcasting   | 4 5 |  5.0
Shields        | 2 4 |  4.0

Action                   |  1- 3 |  4- 6 |  7- 9 | 10-12 | 13-15 || total
-------------------------+-------+-------+-------+-------+-------++-------
Melee: Dagger            |   106 |   247 |    24 |   423 |   248 ||  1048
       Bite              |     6 |    14 |    23 |    89 |    31 ||   163
       Rapier            |       |       |   316 |   289 |    33 ||   638
       Unarmed           |       |       |       |    16 |     3 ||    19
       Falchion          |       |       |       |    15 |    10 ||    25
Throw: Stone             |     1 |     8 |     1 |     2 |       ||    12
       Tomahawk          |       |       |       |       |     5 ||     5
 Cast: Corona            |    34 |    50 |    41 |    71 |     8 ||   204
       Ensorcelled Hiber |     6 |    28 |    54 |   118 |    83 ||   289
       Confuse           |     2 |    14 |    16 |    58 |    34 ||   124
       Tukima's Dance    |       |       |     3 |       |       ||     3
       Sticks to Snakes  |       |       |     1 |       |       ||     1
       Yara's Violent Un |       |       |       |     9 |       ||     9
       Vampiric Draining |       |       |       |     6 |       ||     6
       Animate Dead      |       |       |       |     1 |     2 ||     3
       Dazzling Spray    |       |       |       |       |    25 ||    25
Invok: Receive Corpses   |       |       |       |     1 |     2 ||     3
 Abil: Bat Form          |     1 |     1 |     4 |   100 |    31 ||   137
       End Transformatio |     1 |     1 |     4 |   100 |    30 ||   136
       Evoke Blink       |       |       |     1 |       |       ||     1
Evoke: Wand              |       |       |       |     1 |     1 ||     2
  Use: Potion            |     7 |    14 |    21 |    56 |    31 ||   129
       Scroll            |       |    10 |     4 |    22 |     4 ||    40
 Stab: Sleeping          |     9 |    25 |    36 |    87 |    44 ||   201
       Confused          |     1 |     3 |     3 |    31 |    12 ||    50
       Distracted        |       |     1 |     2 |     1 |     1 ||     5
       Invisible         |       |       |       |       |     8 ||     8
Armor: Leather armour    |    21 |    54 |    57 |    80 |    40 ||   252
       Robe              |     2 |       |       |       |       ||     2
Dodge: Dodged            |    60 |   136 |   207 |   450 |   231 ||  1084
Block: Buckler           |       |       |       |       |    18 ||    18
       Rpst.: Falchion   |       |       |       |     4 |     3 ||     7
